 Dungeon Crawl Stone Soup version 0.25.1-2-g60ff931df9 (webtiles) character file.

Game seed: 7122489702348221729

3711 Curus the Carver (level 9, -3/61 HPs)
             Began as a Demonspawn Gladiator on Oct 14, 2020.
             Was an Elder of Okawaru.
             Slain by a two-headed ogre
             ... wielding a +0 giant club
              (22 damage)
             ... on level 8 of the Dungeon.
             The game lasted 00:36:49 (7991 turns).

Curus the Carver (Demonspawn Gladiator)             Turns: 7991, Time: 00:36:50

Health: -3/61      AC:  8    Str: 14    XL:     9   Next: 91%
Magic:  0/9        EV:  5    Int:  8    God:    Okawaru [****..]
Gold:   209        SH:  4    Dex: 18    Spells: 8/8 levels left

rFire    . . .     SeeInvis .   r - +0 scimitar (flame)
rCold    + . .     Gourm    .   v - +0 buckler
rNeg     . . .     Faith    .   m - +1 plate armour
rPois    .         Spirit   +   (helmet unavailable)
rElec    .         Reflect  .   (no cloak)
rCorr    +         Harm     .   i - +1 pair of gloves
MR       .....     Clarity  +   (no boots)
Stlth    ..........             z - amulet of guardian spirit
HPRegen  0.20/turn              t - ring of protection from cold
MPRegen  0.11/turn              x - ring of resist corrosion

@: no status effects
A: horns 3, clarity, deformed body, dopey 1, sturdy frame 1
a: Heroism, Renounce Religion


You were on level 8 of the Dungeon.
You worshipped Okawaru.
Okawaru was greatly pleased with you.
You were not hungry.

You visited 1 branch of the dungeon, and saw 8 of its levels.
You also visited: Sewer.

You collected 313 gold pieces.
You spent 104 gold pieces at shops.

Inventory:

Hand Weapons
 a - a +2 long sword
 r - a +0 scimitar of flaming (weapon)
 A - a +4 long sword
Missiles
 d - 2 throwing nets (quivered)
Armour
 b - a +0 leather armour
 c - a +0 helmet
 i - a +1 pair of gloves (worn)
 m - a +1 plate armour (worn)
 v - a +0 buckler (worn)
 y - cursed +0 swamp dragon scales
Jewellery
 g - a +4 ring of protection
 h - a +6 ring of dexterity
 l - an uncursed ring of magical power
 q - a +6 ring of intelligence
 t - a ring of protection from cold (left hand)
 x - a ring of resist corrosion (right hand)
 z - an amulet of guardian spirit (around neck)
Wands
 o - a wand of acid (8)
 C - a wand of digging (4)
Scrolls
 e - 5 scrolls of identify
 p - 6 scrolls of teleportation
 s - a scroll of amnesia
 u - 6 scrolls of fear
 w - 3 scrolls of remove curse
Potions
 j - 3 potions of curing
 k - a potion of berserk rage
 n - a potion of degeneration
Comestibles
 f - 8 rations


   Skills:
 - Level 2.0 Fighting
 + Level 12.9 Long Blades
 - Level 1.7 Throwing
 - Level 2.6 Dodging


You had 8 spell levels left.
You didn't know any spells.
Your spell library contained the following spells:

 Spells                   Type           Power        Failure   Level  Hunger
 Confusing Touch          Hex            #.......     100%        3    ####...
 Gell's Gravitas          Tloc           #.........   100%        3    ####...
 Petrify                  Tmut/Erth      #.......     100%        4    #####..
 Metabolic Englaciation   Hex/Ice        #.........   100%        5    ######.
 Yara's Violent Unravell  Hex/Tmut       #.........   100%        5    ######.


Dungeon Overview and Level Annotations

Branches:
Dungeon (8/15)             Temple (0/1) D:7           Sewer (visited)
   Lair: D:8-11

Altars:
Ashenzari
Cheibriados
Dithmenos
Elyvilon
Gozag
Hepliaklqana
Nemelex Xobeh
Okawaru
Vehumet

Shops:
D:7 *

Annotations:
D:8 3 runed translucent doors, raetorn's ghost, novice VSBe


Innate Abilities, Weirdness & Mutations

You have a pair of large horns on your head.
Your movements are slightly less encumbered by armour. (ER -2)
You possess an exceptional clarity of mind.
Armour fits poorly on your strangely shaped body.
You are dopey. (Int -2)


Message History

You start resting.
An orc comes into view. It is wielding a -2 club.
Things that are here:
a +0 glaive; a +0 plate armour; an orc corpse You slash the orc!
You burn the orc.
You kill the orc!
Okawaru accepts your kill.
You start resting.
A two-headed ogre opens the door.
It is wielding two +0 giant clubs.
The two-headed ogre shouts in stereo!
You hear a shout!
Items here: )))) [[[ ††
Things that are here:
a +0 flail; an orc corpse You completely miss the two-headed ogre.
You slash the two-headed ogre! You burn the two-headed ogre.
You headbutt the two-headed ogre!
The two-headed ogre is heavily wounded.
The two-headed ogre hits you with a +0 giant club!
The two-headed ogre hits you with a +0 giant club!!
You die...

# .
##################.#....
[............[))@O.'....
##################.#....
### .. . ..# #.# .(# .#
..# # .(# ..# (.#


You could see a two-headed ogre.

Vanquished Creatures
  Erica (D:8)
  Pikel (D:6)
  Joseph (D:7)
  Maggie (D:6)
  Sigmund (D:6)
  2 orc warriors
  A black bear (D:6)
  An ogre (D:5)
  A crocodile (Sewer)
  2 bullfrogs (D:7)
  A scorpion (D:5)
  9 wights
  2 howler monkeys (D:7)
  2 crimson imps (D:7)
  A bullfrog zombie (D:6)
  Crazy Yiuf (D:7)
  3 orc priests
  A hound (D:7)
  2 orc wizards
  2 bullfrog skeletons
  2 iguanas (D:6)
  3 worker ants
  A hound zombie (D:5)
  A hound skeleton (D:6)
  A worker ant zombie (D:7)
  7 gnolls
  A howler monkey skeleton (D:7)
  14 adders
  An adder zombie (D:7)
  6 worms
  2 dart slugs
  5 leopard geckos
  14 orcs
  3 giant cockroaches
  9 goblins
  9 hobgoblins
  2 jackals (Sewer)
  13 kobolds
  3 quokkas
  A ball python (D:3)
  10 bats
  4 frilled lizards
  2 leopard gecko skeletons
  A quokka skeleton (D:4)
  3 rats
154 creatures vanquished.

Vanquished Creatures (others)
  An orc (D:6)
1 creature vanquished.

Grand Total: 155 creatures vanquished

Notes
Turn   | Place    | Note
-------+----------+-------------------------------------------
     0 | D:1      | Curus the Demonspawn Gladiator began the quest for the Orb.
     0 | D:1      | Reached XP level 1. HP: 16/16 MP: 1/1
   225 | D:1      | Reached skill level 3 in Long Blades
   288 | D:1      | Gained mutation: You have a pair of small horns on your
                  | head. [demonic ancestry]
   288 | D:1      | Reached XP level 2. HP: 17/22 MP: 2/2
  1409 | D:2      | Gained mutation: You have a pair of horns on your head.
                  | [demonic ancestry]
  1409 | D:2      | Reached XP level 3. HP: 27/27 MP: 3/3
  1482 | D:2      | Reached skill level 4 in Long Blades
  1495 | D:2      | Found a faded altar of an unknown god.
  1728 | D:2      | Found a shadowy altar of Dithmenos.
  1728 | D:2      | Noticed a shadow
  1730 | D:2      | Found a hazy altar of Hepliaklqana.
  1874 | D:2      | Reached XP level 4. HP: 33/33 MP: 4/4
  1916 | D:2      | Found an opulent altar of Gozag.
  1955 | D:2      | Found a snail-covered altar of Cheibriados.
  2358 | D:3      | Reached skill level 5 in Long Blades
  2426 | D:3      | Found an iron altar of Okawaru.
  2445 | D:3      | Became a worshipper of Warmaster Okawaru
  2624 | D:3      | Gained mutation: Your movements are slightly less
                  | encumbered by armour. (ER -2) [demonic ancestry]
  2624 | D:3      | Reached XP level 5. HP: 38/38 MP: 5/5
  2629 | D:3      | Found a sparkling altar of Nemelex Xobeh.
  3192 | D:4      | Found a shattered altar of Ashenzari.
  3574 | D:5      | Entered Level 5 of the Dungeon
  3581 | D:5      | Reached skill level 6 in Long Blades
  3595 | D:5      | Gained mutation: You have a pair of large horns on your
                  | head. [demonic ancestry]
  3595 | D:5      | Reached XP level 6. HP: 44/44 MP: 6/6
  3802 | D:5      | Reached skill level 7 in Long Blades
  4138 | D:5      | Found a glowing drain.
  4159 | Sewer    | Entered a sewer
  4232 | Sewer    | Reached * piety under Okawaru
  4232 | Sewer    | Reached XP level 7. HP: 26/50 MP: 7/7
  5052 | D:6      | Noticed Sigmund
  5060 | D:6      | Killed Sigmund
  5060 | D:6      | Reached skill level 8 in Long Blades
  5309 | D:6      | Noticed Maggie
  5329 | D:6      | Killed Maggie
  5329 | D:6      | Reached skill level 9 in Long Blades
  5329 | D:6      | Reached XP level 8. HP: 46/56 MP: 8/8
  5387 | D:6      | Gained mutation: You are dopey. (Int -2) [potion of
                  | mutation]
  5387 | D:6      | Gained mutation: Armour fits poorly on your strangely
                  | shaped body. [potion of mutation]
  5387 | D:6      | Gained mutation: You possess an exceptional clarity of
                  | mind. [potion of mutation]
  5415 | D:6      | Noticed Pikel
  5438 | D:6      | Killed Pikel
  5438 | D:6      | Reached ** piety under Okawaru
  5438 | D:6      | Reached skill level 10 in Long Blades
  5546 | D:6      | Found a white marble altar of Elyvilon.
  5639 | D:6      | Reached *** piety under Okawaru
  6096 | D:7      | Noticed Joseph
  6127 | D:7      | Killed Joseph
  6127 | D:7      | Reached skill level 11 in Long Blades
  6127 | D:7      | Reached XP level 9. HP: 11/61 MP: 6/9
  6141 | D:7      | HP: 2/61 [bullfrog (4)]
  6147 | D:7      | HP: 3/61 [bullfrog (3)]
  6617 | D:7      | Found Ackug's General Store.
  6658 | D:7      | Bought a potion of heal wounds for 65 gold pieces
  6658 | D:7      | Bought a scroll of teleportation for 39 gold pieces
  6772 | D:7      | Found a radiant altar of Vehumet.
  6968 | D:7      | Found a staircase to the Ecumenical Temple.
  7476 | D:7      | Reached skill level 12 in Long Blades
  7554 | D:7      | Found a runed translucent door.
  7555 | D:7      | Noticed Crazy Yiuf
  7708 | D:7      | Killed Crazy Yiuf
  7775 | D:8      | Found a runed translucent gate.
  7775 | D:8      | Found a runed translucent gate.
  7775 | D:8      | Found a runed translucent gate.
  7776 | D:8      | Noticed raetorn's ghost (novice VSBe)
  7833 | D:8      | Noticed Erica
  7843 | D:8      | Killed Erica
  7843 | D:8      | Reached **** piety under Okawaru
  7949 | D:8      | Noticed a two-headed ogre
  7991 | D:8      | Slain by a two-headed ogre

Illustrated notes

Levels and vault maps discovered:
D:1:      giann_horns, layout_loops_corners, roderic_serpentine_path,
          minmay_pentomino_v4
D:2:      layout_rooms, riverfiend_overflow_shadow_ancestor,
          overflow_temple_1_default, chequers_ecumenical_altar_simple_redux,
          interstate_on_off, minmay_misc_feat_rows,
          chequers_serial_rivers_large_b, st_stairs_6, minmay_misc_feat_roman,
          nicolae_gozag_seed_capital
D:3:      layout_loops_ring, nemelex_xobeh_ov_fountains_minmay,
          nicolae_overflow_crystal_walls
D:4:      layout_basic, evilmike_ruin_ashenzari
D:5:      layout_basic, cheibrodos_sewer_entry_bend, first_ration,
          serial_bayou_lagoon_a
D:6:      layout_gridville, basic_altar, uniq_pikel, uniq_sigmund, uniq_maggie
D:7:      layout_loops_ring, overflow_temple_1_default,
          minmay_temple_entry_slanted, serial_shops, nicolae_shop_waterfront,
          uniq_crazy_yiuf_cottage, uniq_joseph
D:8:      layout_basic, zin_scriptorium, demons_altar, tso_metal_star,
          ebering_ghost_rock_garden, the_bakery, uniq_erica

Skill      XL: |  1  2  3  4  5  6  7  8  9 |
---------------+----------------------------+-----
Long Blades    | 3 4 5 6 7 9 11 12 | 12.9
Fighting       | |  2.0
Throwing       | |  1.7
Dodging        | |  2.6

Action                   |  1- 3 |  4- 6 |  7- 9 || total
-------------------------+-------+-------+-------++-------
Melee: Long sword        |    76 |   143 |   258 ||   477
       Headbutt          |    12 |    26 |    70 ||   108
       Scimitar          |       |       |     3 ||     3
Throw: Throwing net      |       |     1 |     1 ||     2
Invok: Heroism           |       |       |     1 ||     1
Evoke: Wand              |       |       |     2 ||     2
  Use: Scroll            |     4 |     6 |     2 ||    12
       Potion            |     5 |     3 |     6 ||    14
 Stab: Sleeping          |     2 |       |       ||     2
       Distracted        |       |     1 |       ||     1
       Held in net/web   |       |       |     1 ||     1
  Eat: Chunk             |     3 |     8 |     8 ||    19
       Ration            |       |       |     1 ||     1
Armor: Leather armour    |    19 |    18 |       ||    37
       Plate armour      |       |    42 |   133 ||   175
Dodge: Dodged            |    47 |    62 |    63 ||   172
Block: Buckler           |       |       |    30 ||    30
       Rpst.: Long sword |    14 |    17 |    16 ||    47
